 Dungeon Crawl Stone Soup version 0.27.1-2-g3b301248ec (webtiles) character file.

Game seed: 3784042012586501386

138 MisterFreud the Shield-Bearer (level 5, 0/47 HPs)
             Began as a Gnoll Fighter on Sept 28, 2021.
             Was a Believer of Elyvilon.
             Slain by an orc priest (5 damage)
             ... on level 2 of the Dungeon.
             The game lasted 00:01:43 (1504 turns).

MisterFreud the Shield-Bearer (Gnoll Fighter)       Turns: 1504, Time: 00:01:44

Health: 0/47       AC:  9    Str: 15    XL:     5   Next: 21%
Magic:  4/7        EV:  8    Int:  8    God:    Elyvilon [**....]
Gold:   19         SH: 10    Dex: 12    Spells: 6/6 levels left

rFire    . . .     SeeInvis .   a - +0 rapier
rCold    . . .     Faith    .   c - +0 kite shield
rNeg     . . .     Spirit   .   b - +0 scale mail
rPois    .         Reflect  .   e - +0 helmet
rElec    .         Harm     .   (no cloak)
rCorr    .         Rampage  .   (no gloves)
Will     .....                  (no boots)
Stlth    ..........             (no amulet)
HPRegen  0.15/turn              (no ring)
MPRegen  0.10/turn              (no ring)

@: no status effects
A: fangs 1, strong nose, distributed training
a: Renounce Religion, Lesser Healing, Heal Other, Divine Protection


You were on level 2 of the Dungeon.
You worshipped Elyvilon.
Elyvilon was pleased with you.
You visited 1 branch of the dungeon, and saw 2 of its levels.

You collected 19 gold pieces.

Inventory:

Hand Weapons
 a - a +0 rapier (weapon)
Armour
 b - a +0 scale mail (worn)
 c - a +0 kite shield (worn)
 e - a +0 helmet (worn)
Scrolls
 f - a scroll of fear {unknown}
 g - a scroll of vulnerability {unknown}
 h - a scroll of enchant armour {unknown}
 i - a scroll of amnesia {unknown}
Potions
 d - a potion of might


   Skills:
 + Level 6.6 Fighting
 + Level 4.7 Short Blades
 + Level 1.4 Long Blades
 + Level 1.4 Axes
 + Level 1.4 Maces & Flails
 + Level 1.4 Polearms
 + Level 1.4 Staves
 + Level 1.4 Slings
 + Level 1.4 Bows
 + Level 1.4 Crossbows
 + Level 1.4 Throwing
 + Level 6.6 Armour
 + Level 1.4 Dodging
 + Level 1.4 Stealth
 + Level 6.6 Shields
 + Level 1.4 Unarmed Combat
 + Level 1.4 Spellcasting
 + Level 1.1 Conjurations
 + Level 1.1 Hexes
 + Level 1.1 Summonings
 + Level 1.1 Necromancy
 + Level 1.1 Translocations
 + Level 1.1 Transmutations
 + Level 1.1 Fire Magic
 + Level 1.1 Ice Magic
 + Level 1.1 Air Magic
 + Level 1.1 Earth Magic
 + Level 1.1 Poison Magic
 + Level 1.5 Invocations
 + Level 1.4 Evocations


You had 6 spell levels left.
You didn't know any spells.
Your spell library was empty.

Dungeon Overview and Level Annotations

Branches:
Dungeon (2/15)

Altars:
Elyvilon


Innate Abilities, Weirdness & Mutations

You have very sharp teeth.
Your uncanny sense of smell can sniff out nearby items.
Your experience applies equally to all skills.


Message History

Unknown command.
You hit the orc.
The orc is heavily wounded.
You block the orc's attack.
You puncture the orc!
You kill the orc!
You hit the orc.
The orc is moderately wounded.
The orc hits you but does no damage.
You hit the orc.
You kill the orc!
The orc priest begins to cast a cantrip, but forgets the words!
You puncture the orc!
You kill the orc!
The orc priest hits you with a +0 war axe.
Items here: )))) [[ ††.
You hit the orc priest.
The orc priest is moderately wounded.
The orc priest hits you with a +0 war axe!
* * * LOW HITPOINT WARNING * * *
You hit the orc priest but do no damage.
The orc priest is moderately wounded.
You block the orc priest's attack.
You barely miss the orc priest.
The orc priest is moderately wounded.
You block the orc priest's attack.
You hit the orc priest but do no damage.
The orc priest is moderately wounded.
The orc priest calls down the wrath of Beogh upon you.
Beogh smites you!
* * * LOW HITPOINT WARNING * * *
The orc priest hits you with a +0 war axe.
* * * LOW HITPOINT WARNING * * *
You are healed.
The orc priest hits you with a +0 war axe.
* * * LOW HITPOINT WARNING * * *
Unknown command.
You are healed.
The orc priest hits you with a +0 war axe.
You die...

# # # ##### # ....# .#
....# .# ....# ..#
....################.#
[...'..[......).@o...#
....####......####...#
....#
#.................#
....#
#.......#...o...#.#
#####
#.......#.≈...≈.#
#.......#...o...#
#.......#....o..#
#.......#.......#
#.......#.≈...≈.#


You could see an orc priest.

Vanquished Creatures
  2 orc priests (D:2)
  2 adders (D:2)
  4 worms (D:2)
  2 dart slugs (D:1)
  3 orcs (D:2)
  A ball python (D:1)
  3 endoplasms (D:1)
  A giant cockroach (D:1)
  4 goblins
  6 hobgoblins
  4 jackals (D:1)
  A quokka (D:2)
  3 bats
  2 frilled lizards (D:1)
  2 kobolds
  4 rats
44 creatures vanquished.

Notes
Turn   | Place    | Note
-------+----------+-------------------------------------------
     0 | D:1      | MisterFreud the Gnoll Fighter began the quest for the Orb.
     0 | D:1      | Reached XP level 1. HP: 23/23 MP: 1/1
   138 | D:1      | Reached XP level 2. HP: 29/29 MP: 2/2
   303 | D:1      | Found a faded altar of an unknown god.
   315 | D:1      | Became a worshipper of Elyvilon the Healer
   315 | D:1      | Reached * piety under Elyvilon
   534 | D:1      | Reached XP level 3. HP: 35/35 MP: 3/3
  1024 | D:2      | Reached skill level 1 in Invocations
  1103 | D:2      | Reached ** piety under Elyvilon
  1177 | D:2      | Reached skill level 1 in Long Blades
  1177 | D:2      | Reached skill level 1 in Axes
  1177 | D:2      | Reached skill level 1 in Maces & Flails
  1177 | D:2      | Reached skill level 1 in Polearms
  1177 | D:2      | Reached skill level 1 in Staves
  1177 | D:2      | Reached skill level 1 in Slings
  1177 | D:2      | Reached skill level 1 in Bows
  1177 | D:2      | Reached skill level 1 in Crossbows
  1177 | D:2      | Reached skill level 1 in Throwing
  1177 | D:2      | Reached skill level 1 in Dodging
  1177 | D:2      | Reached skill level 1 in Stealth
  1177 | D:2      | Reached skill level 1 in Unarmed Combat
  1177 | D:2      | Reached skill level 1 in Spellcasting
  1177 | D:2      | Reached skill level 1 in Evocations
  1177 | D:2      | Reached XP level 4. HP: 32/41 MP: 5/5
  1487 | D:2      | Reached skill level 1 in Conjurations
  1487 | D:2      | Reached skill level 1 in Hexes
  1487 | D:2      | Reached skill level 1 in Summonings
  1487 | D:2      | Reached skill level 1 in Necromancy
  1487 | D:2      | Reached skill level 1 in Translocations
  1487 | D:2      | Reached skill level 1 in Transmutations
  1487 | D:2      | Reached skill level 1 in Fire Magic
  1487 | D:2      | Reached skill level 1 in Ice Magic
  1487 | D:2      | Reached skill level 1 in Air Magic
  1487 | D:2      | Reached skill level 1 in Earth Magic
  1487 | D:2      | Reached skill level 1 in Poison Magic
  1493 | D:2      | Reached XP level 5. HP: 18/47 MP: 5/7
  1502 | D:2      | HP: 2/47 [orc priest/divine providence (9)]
  1504 | D:2      | Slain by an orc priest

Illustrated notes

Levels and vault maps discovered:
D:1:      minmay_arrival_glassed_features, layout_loops_corners,
          dreamdust_ecumenical_altar_grove
D:2:      cheibrodos_pilgrimage, layout_basic

Skill      XL: |  1  2  3  4 |
---------------+-------------+-----
Invocations    | 1 |  1.5
Long Blades    | 1 |  1.4
Axes           | 1 |  1.4
Maces & Flails | 1 |  1.4
Polearms       | 1 |  1.4
Staves         | 1 |  1.4
Slings         | 1 |  1.4
Bows           | 1 |  1.4
Crossbows      | 1 |  1.4
Throwing       | 1 |  1.4
Dodging        | 1 |  1.4
Stealth        | 1 |  1.4
Unarmed Combat | 1 |  1.4
Spellcasting   | 1 |  1.4
Evocations     | 1 |  1.4
Conjurations   | 1 |  1.1
Hexes          | 1 |  1.1
Summonings     | 1 |  1.1
Necromancy     | 1 |  1.1
Translocations | 1 |  1.1
Transmutations | 1 |  1.1
Fire Magic     | 1 |  1.1
Ice Magic      | 1 |  1.1
Air Magic      | 1 |  1.1
Earth Magic    | 1 |  1.1
Poison Magic   | 1 |  1.1
Fighting       | |  6.6
Short Blades   | |  4.7
Armour         | |  6.6
Shields        | |  6.6

Action                   |  1- 3 |  4- 6 || total
-------------------------+-------+-------++-------
Melee: Rapier            |    98 |    42 ||   140
       Bite              |     9 |     4 ||    13
Invok: Lesser Healing    |       |     2 ||     2
Armor: Scale mail        |    32 |     7 ||    39
Dodge: Dodged            |    19 |     3 ||    22
Block: Kite shield       |    49 |    20 ||    69
